 Dungeon Crawl Stone Soup version 0.21.0 (webtiles) character file.

327 Clarigatio the Poker (level 6, -9/47 HPs)
             Began as a Merfolk Gladiator on Apr 2, 2018.
             Was an Initiate of Qazlal.
             Mangled by a two-headed ogre
             ... wielding a +0 dire flail
              (12 damage)
             ... on level 5 of the Dungeon.
             The game lasted 00:38:15 (1912 turns).

Clarigatio the Poker (Merfolk Gladiator)            Turns: 1912, Time: 00:38:16

Health: -9/47      AC: 11    Str: 16    XL:     6   Next: 50%
Magic:  6/6        EV:  6    Int:  8    God:    Qazlal [......]
Gold:   190        SH:  0    Dex: 15    Spells: 5/5 levels left

rFire    . . .     SeeInvis .   a - +0 trident
rCold    . . .     Gourm    .   (no shield)
rNeg     . . .     Faith    .   s - +0 plate armour
rPois    .         Spirit   .   c - +0 helmet
rElec    .         Reflect  .   (no cloak)
rCorr    .         Harm     .   (no gloves)
MR       .....                  (no boots)
Stlth    ..........             (no amulet)
HPRegen  0.15/turn              (no ring)
MPRegen  0.10/turn              (no ring)

@: no status effects
A: change form in water, swift swim, stealthy swim
a: Renounce Religion


You were on level 5 of the Dungeon.
You worshipped Qazlal.
Qazlal was noncommittal.
You were not hungry.

You visited 2 branches of the dungeon, and saw 5 of its levels.

You collected 190 gold pieces.

Inventory:

Hand Weapons
 a - a +0 trident (weapon)
 l - a +0 dagger
 n - a +0 hunting sling
 r - a +0 whip
Missiles
 d - 2 throwing nets
 k - 99 arrows
 p - 46 stones
 A - 54 bolts
 B - a tomahawk (quivered)
Armour
 b - a +0 leather armour
 c - a +0 helmet (worn)
 q - a +0 ring mail
 s - a +0 plate armour (worn)
 w - a cursed +0 leather armour
 F - a +0 naga barding
Wands
 v - a wand of acid (7)
 E - a wand of flame (19)
Scrolls
 e - a scroll of enchant weapon {unknown}
 h - a scroll of blinking {unknown}
 j - 2 scrolls of immolation {unknown}
 u - a scroll of teleportation {unknown}
 y - a scroll of fog
 C - 2 scrolls of enchant armour {unknown}
 D - a scroll of fear {unknown}
Potions
 g - a potion of agility {unknown}
 i - a potion of heal wounds {unknown}
 m - a potion of degeneration {unknown}
 o - a potion of resistance
 t - a potion of curing
Comestibles
 f - 8 rations
 z - 2 chunks of flesh


   Skills:
 + Level 3.5 Fighting
 + Level 7.3 Polearms
 + Level 1.7(2.1) Slings
 + Level 2.1(2.6) Throwing
 + Level 1.2 Armour
 + Level 5.0 Dodging


You had 5 spell levels left.
You didn't know any spells.

Dungeon Overview and Level Annotations

Branches:
Dungeon (5/15)             Temple (1/1) D:4

Altars:
Dithmenos
Elyvilon
Fedhas
Kikubaaqudgha
Okawaru
Qazlal
Ru
Uskayaw
Wu Jian
Yredelemnul
Zin
The Shining One

Shops:
D:5 :


Message History

The two-headed ogre barely misses you.
The two-headed ogre hits you with a giant spiked club.
You hit the two-headed ogre.
The two-headed ogre is moderately wounded.
You hit the two-headed ogre.
The two-headed ogre is moderately wounded.
The two-headed ogre hits you with a dire flail!
The two-headed ogre hits you with a giant spiked club!!
Ouch! That really hurt!
* * * LOW HITPOINT WARNING * * *
Okay, then.
As you read the scroll labeled SUSEDI WINK, it crumbles to dust.
The scroll dissolves into smoke.
It was a scroll of fog.
The two-headed ogre completely misses you.
The two-headed ogre hits you with a giant spiked club!
* * * LOW HITPOINT WARNING * * *
As you read the scroll labeled YWYTZAA SYTOFY, it crumbles to dust.
You feel blessed for a moment.
It was a scroll of remove curse.
The two-headed ogre hits you with a dire flail!
You die...

... ... ... ..( ...
#####################...
........O.O§§§§§O...'...
####.##O#############...
#.##@####.......# ###
#.......'....##.#
#####.####....#..#
#.....# #....#..#
#.###.# ######.## ....
#.# #.# ##.# .....#
#.###'######


#^PPPP# ...... #..........# #..P^P# ......####..........# #P._.^# You could see
a two-headed ogre and an ogre.

Vanquished Creatures
  A phantom (D:4)
  A water moccasin skeleton (D:4)
  A hound (D:5)
  An orc wizard (D:4)
  An orc priest (D:4)
  An iguana (D:4)
  2 adders (D:4)
  An ooze (D:1)
  An adder skeleton (D:4)
  2 leopard geckos
  4 orcs (D:4)
  A giant cockroach (D:4)
  3 goblins
  2 hobgoblins (D:2)
  7 jackals
  3 quokkas
  2 bats (D:2)
  5 frilled lizards
  4 kobolds
  3 rats (D:2)
  A plant (D:5)
47 creatures vanquished.

Notes
Turn   | Place    | Note
-------+----------+-------------------------------------------
     0 | D:1      | Clarigatio the Merfolk Gladiator began the quest for the Orb.
     0 | D:1      | Reached XP level 1. HP: 16/16 MP: 1/1
   229 | D:1      | Reached XP level 2. HP: 21/22 MP: 2/2
   327 | D:2      | Found a hide-covered altar of Uskayaw.
   426 | D:2      | Reached skill level 5 in Polearms
   509 | D:2      | Reached XP level 3. HP: 28/28 MP: 3/3
   671 | D:2      | You fall through a shaft for 2 floors!
   671 | D:4      | Noticed a phantom
   717 | D:4      | Killed a phantom
   717 | D:4      | Reached skill level 1 in Slings
   717 | D:4      | Reached skill level 5 in Dodging
   717 | D:4      | Reached XP level 4. HP: 24/34 MP: 4/4
   717 | D:4      | Reached XP level 5. HP: 28/40 MP: 5/5
   961 | D:4      | Reached skill level 6 in Polearms
  1053 | D:4      | Reached skill level 1 in Armour
  1131 | D:4      | Reached XP level 6. HP: 33/47 MP: 6/6
  1192 | D:4      | Found a staircase to the Ecumenical Temple.
  1199 | Temple   | Entered the Ecumenical Temple
  1423 | Temple   | Became a worshipper of Qazlal Stormbringer
  1596 | D:4      | Reached skill level 7 in Polearms
  1629 | D:5      | Entered Level 5 of the Dungeon
  1742 | D:5      | Found Hubul's Book Boutique.
  1857 | D:5      | Found a sacrificial altar of Ru.
  1890 | D:5      | Noticed a two-headed ogre
  1903 | D:5      | HP: 2/47 [two-headed ogre/dire flail (7)]
  1912 | D:5      | Mangled by a two-headed ogre

Skill      XL: |  1  2  3  4  5  6 |
---------------+-------------------+-----
Polearms       | 5 6 7 |  7.3
Slings         | 1 |  1.7
Dodging        | 5 |  5.0
Fighting       | 3 |  3.5
Armour         | 1 |  1.2
Throwing       | |  2.1

Action                   |  1- 3 |  4- 6 || total
-------------------------+-------+-------++-------
Melee: Trident           |   105 |   123 ||   228
 Fire: Hunting sling     |    18 |     1 ||    19
Throw: Tomahawk          |       |    19 ||    19
       Throwing net      |       |     1 ||     1
Evoke: Wand              |       |     2 ||     2
  Use: Scroll            |       |     2 ||     2
       Potion            |       |     2 ||     2
  Eat: Chunk             |       |     1 ||     1
       Ration            |       |     1 ||     1
Armor: Leather armour    |    18 |       ||    18
       Plate armour      |    46 |    55 ||   101
Dodge: Dodged            |    65 |    38 ||   103
